 Dungeon Crawl Stone Soup version 0.22-a0-750-ga7dcef7 (webtiles) character file.

1959 sking99 the Cleaver (level 9, 0/81 HPs)
             Began as a Minotaur Fighter on July 15, 2018.
             Was a Believer of Okawaru.
             Slain by Joseph
             ... wielding a +0 quarterstaff
              (4 damage)
             ... on level 7 of the Dungeon.
             The game lasted 00:06:45 (6775 turns).

sking99 the Cleaver (Minotaur Fighter)              Turns: 6775, Time: 00:06:45

Health: 0/81       AC:  9    Str: 21    XL:     9   Next: 0%
Magic:  8/8        EV:  7    Int:  5    God:    Okawaru [**....]
Gold:   345        SH:  9    Dex: 13    Spells: 8/8 levels left

rFire    . . .     SeeInvis .   a - +1 war axe
rCold    . . .     Gourm    .   c - +0 shield
rNeg     . . .     Faith    .   b - +1 scale mail
rPois    .         Spirit   .   (helmet restricted)
rElec    .         Reflect  .   (no cloak)
rCorr    .         Harm     .   (no gloves)
MR       .....                  (no boots)
Stlth    ..........             (no amulet)
HPRegen  0.23/turn              (no ring)
MPRegen  0.11/turn              (no ring)

@: no status effects
A: retaliatory headbutt, horns 2
a: Heroism, Renounce Religion


You were on level 7 of the Dungeon.
You worshipped Okawaru.
Okawaru was pleased with you.
You were not hungry.

You visited 2 branches of the dungeon, and saw 8 of its levels.

You collected 345 gold pieces.

Inventory:

Hand Weapons
 a - a +1 war axe (weapon)
Armour
 b - a +1 scale mail (worn)
 c - a +0 shield (worn)
Wands
 v - a wand of enslavement (9)
Scrolls
 g - 2 scrolls of amnesia
 j - 2 scrolls of remove curse
 n - 2 scrolls of identify
 r - a scroll of fog
 u - a scroll of enchant weapon
Potions
 d - 2 potions of might
 e - a potion of berserk rage
 h - 2 potions of brilliance
 i - a potion of resistance {unknown}
 k - 2 potions of curing
 o - a potion of ambrosia {unknown}
 p - a potion of invisibility
 q - a potion of flight {unknown}
 s - 2 potions of cancellation {unknown}
 t - a potion of haste {unknown}
Comestibles
 f - 8 rations


   Skills:
 + Level 7.9 Fighting
 * Level 10.2 Axes
 + Level 7.9 Armour
 - Level 3.6 Shields


You had 8 spell levels left.
You didn't know any spells.
Your spell library was empty.

Dungeon Overview and Level Annotations

Branches:
Dungeon (7/15)             Temple (1/1) D:5

Altars:
Cheibriados
Dithmenos
Elyvilon
Fedhas
Hepliaklqana
Kikubaaqudgha
Nemelex Xobeh
Okawaru
Qazlal
Ru
Trog
Wu Jian
Xom
Yredelemnul
Zin
The Shining One

Shops:
D:6 *

Annotations:
D:3 1 runed door, zard0z's ghost, amateur DEFE
D:7 Joseph


Innate Abilities, Weirdness & Mutations

You reflexively headbutt those who attack you in melee.
You have a pair of horns on your head.


Message History

You are too injured to fight recklessly!
You fail to use your ability.
Joseph hits you but does no damage.
You slash Joseph! You headbutt Joseph, but do no damage.
Joseph is almost dead.
Joseph hits you with an uncursed quarterstaff!
* * * LOW HITPOINT WARNING * * *
You hit Joseph but do no damage.
Joseph is almost dead.
You block Joseph's attack.
Your shield and scale mail prevent you from hitting Joseph.
Joseph is almost dead.
Joseph hits you but does no damage.
You closely miss Joseph.
Joseph is almost dead.
Joseph hits you with an uncursed quarterstaff!
* * * LOW HITPOINT WARNING * * *
You hit Joseph but do no damage.
Joseph is almost dead.
Joseph hits you with an uncursed quarterstaff.
You die...

#.......#..##.#
##......#...##.######
......[.....##......#
.......(...รท##......#
####..#.(##.##=.....#
##.#.(##.........#
#......###......#
###.$#()##......#
#...>@##......#
#..#..@#......#
#..#.#.#......#
###..#.#.#.######
#....#<..#.# #
#....##....# ...####
#....##.#..###
#.....###....#.......##
#.<<..............##


You could see Joseph.

Vanquished Creatures
  A hippogriff (D:6)
  Menkaure (D:7)
  A hornet zombie (D:6)
  A black bear (D:6)
  3 ogres
  3 centaurs (D:6)
  A bullfrog (D:6)
  3 scorpions
  A howler monkey (D:6)
  3 crimson imps (D:5)
  A centaur zombie (D:6)
  A jelly (D:6)
  3 orc priests
  A bullfrog skeleton (D:4)
  Natasha (thrice) (D:2)
  3 iguanas (D:4)
  3 orc wizards
  A hound skeleton (D:6)
  10 adders
  An ooze (D:3)
  2 worms
  4 leopard geckos
  18 orcs
  A ball python (D:1)
  3 giant cockroaches
  10 goblins
  9 hobgoblins
  8 jackals
  2 quokkas (D:6)
  9 bats
  4 frilled lizards
  10 kobolds
  9 rats
134 creatures vanquished.

Notes
Turn   | Place    | Note
-------+----------+-------------------------------------------
     0 | D:1      | sking99 the Minotaur Fighter began the quest for the Orb.
     0 | D:1      | Reached XP level 1. HP: 19/19 MP: 0/0
   264 | D:1      | Reached skill level 3 in Axes
   264 | D:1      | Reached XP level 2. HP: 27/27 MP: 1/1
   691 | D:2      | Reached XP level 3. HP: 33/33 MP: 2/2
   880 | D:2      | Noticed Natasha
   885 | D:2      | Killed Natasha
   885 | D:2      | Reached skill level 4 in Axes
   885 | D:2      | Reached XP level 4. HP: 40/40 MP: 3/3
   922 | D:2      | Noticed Natasha
   929 | D:2      | Killed Natasha
   949 | D:2      | Found a bloodstained altar of Trog.
  1040 | D:2      | Noticed Natasha
  1045 | D:2      | Killed Natasha
  1063 | D:2      | Reached XP level 5. HP: 30/47 MP: 4/4
  1221 | D:2      | Found a white marble altar of Elyvilon.
  1543 | D:3      | Reached skill level 5 in Axes
  1651 | D:3      | Reached skill level 5 in Fighting
  1651 | D:3      | Reached skill level 5 in Armour
  1666 | D:3      | HP: 2/48 [orc priest/divine providence (10)]
  1670 | D:3      | Reached XP level 6. HP: 3/56 MP: 5/5
  1971 | D:3      | Noticed zard0z's ghost (amateur DEFE)
  1973 | D:3      | Found a runed door.
  2496 | D:3      | Found a shadowy altar of Dithmenos.
  2638 | D:3      | Found a sacrificial altar of Ru.
  2724 | D:4      | Reached skill level 6 in Axes
  3612 | D:4      | Reached XP level 7. HP: 62/62 MP: 6/6
  3634 | D:4      | Reached skill level 7 in Axes
  3849 | D:5      | Entered Level 5 of the Dungeon
  3927 | D:5      | Found a hazy altar of Hepliaklqana.
  4044 | D:5      | Found a staircase to the Ecumenical Temple.
  4080 | Temple   | Entered the Ecumenical Temple
  4288 | Temple   | Became a worshipper of Warmaster Okawaru
  4867 | D:5      | Found an ancient bone altar of Kikubaaqudgha.
  4868 | D:5      | Found a shimmering altar of Xom.
  4958 | D:5      | Found a glowing golden altar of the Shining One.
  5045 | D:6      | Reached skill level 8 in Axes
  5335 | D:6      | Reached XP level 8. HP: 50/71 MP: 7/7
  5637 | D:6      | Reached * piety under Okawaru
  5637 | D:6      | Reached skill level 9 in Axes
  5858 | D:6      | Noticed a hippogriff
  5865 | D:6      | Killed a hippogriff
  6017 | D:6      | Found Wauxi's General Store.
  6169 | D:6      | Reached skill level 10 in Axes
  6526 | D:7      | Noticed Menkaure
  6535 | D:7      | Killed Menkaure
  6535 | D:7      | Reached ** piety under Okawaru
  6535 | D:7      | Reached XP level 9. HP: 37/81 MP: 5/8
  6759 | D:7      | Noticed Joseph
  6774 | D:7      | HP: 4/81 [Joseph/uncursed quarterstaff (17)]
  6775 | D:7      | Slain by Joseph

Vault maps used:
D:1:      nzn_arrival_water_spiral, minmay_octomino_e4
D:2:      elyvilon_altar_4, trog_three_pillars_becter, uniq_natasha
D:3:      cheibrodos_pilgrimage, old_standard_altar, nicolae_ru_path_of_blood,
          hellmonk_ghost_happy_afterlife
D:4:      first_ration
D:5:      lemuel_round_altar, nicolae_overflow_hidden_temple,
          minmay_temple_entry_purple_smoke
D:6:      serial_shops, nicolae_shop_behind_doors
D:7:      evilmike_ruin_ashenzari, grunt_gozag_statues, item_on_display_a,
          uniq_joseph, uniq_duvessa, uniq_menkaure
Temple:   compressed_dpeg_triangle_lava_temple

Skill      XL: |  1  2  3  4  5  6  7  8 |
---------------+-------------------------+-----
Axes           | 3 4 5 6 8 10 | 10.2
Fighting       | 4 5 6 7 |  7.9
Armour         | 4 5 6 7 |  7.9
Shields        | |  3.6

Action                   |  1- 3 |  4- 6 |  7- 9 || total
-------------------------+-------+-------+-------++-------
Melee: War axe           |    56 |   188 |   123 ||   367
       Headbutt          |     7 |    35 |    23 ||    65
Invok: Heroism           |       |       |     1 ||     1
  Use: Scroll            |       |    12 |     3 ||    15
  Eat: Chunk             |       |     9 |     6 ||    15
       Ration            |       |       |     1 ||     1
Armor: Scale mail        |    34 |    71 |    52 ||   157
Dodge: Dodged            |    23 |    42 |    29 ||    94
Block: Shield            |    21 |    88 |    42 ||   151

Table legend:
 A = Spawn XP
 B = Non-spawn XP
 C = Spawn XP percentage of total XP
 D = Spawn monster count
 E = Non-spawn monster count
 F = Spawn count percentage of total count
 G = Total turns spent on level
                    A         B        C        D         E        F      G
               +---------+---------+-------+---------+---------+-------+---------
         Total |       0 |    2799 |   0.0 |       0 |     134 |   0.0 |  6775
               +---------+---------+-------+---------+---------+-------+---------
           D:1 |       0 |      39 |   0.0 |       0 |      24 |   0.0 |   677
           D:2 |       0 |     185 |   0.0 |       0 |      27 |   0.0 |  1034
           D:3 |       0 |     206 |   0.0 |       0 |      28 |   0.0 |   936
           D:4 |       0 |     512 |   0.0 |       0 |      25 |   0.0 |  1202
           D:5 |       0 |     272 |   0.0 |       0 |       6 |   0.0 |   956
           D:6 |       0 |    1401 |   0.0 |       0 |      20 |   0.0 |  1458
           D:7 |       0 |     184 |   0.0 |       0 |       4 |   0.0 |   286
               +---------+---------+-------+---------+---------+-------+---------
